 Dungeon Crawl Stone Soup version 0.18.1-8-gdd0e5ea (webtiles) character file.

751 vale the Carver (level 7, -3/64 HPs)
             Began as a Minotaur Wizard on June 11, 2016.
             Was a Follower of Ru.
             Shot with an arrow by a centaur (14 damage)
             ... on level 7 of the Dungeon.
             The game lasted 00:33:42 (12418 turns).

vale the Carver (Minotaur Wizard)                  Turns: 12418, Time: 00:33:42

Health: -3/64      AC:  5    Str: 17    XL:     7   Next: 49%
Magic:  9/9        EV: 14    Int: 15    God:    Ru [*.....]
Gold:   312        SH:  3    Dex: 11    Spells: 5 memorised, 0 levels left

rFire  . . .     SeeInvis .     y - +0 scimitar
rCold  + . .     Gourm    .     z - +0 leather armour (curse)
rNeg   . . .     Faith    .     (no shield)
rPois  .         Spirit   .     b - +0 hat
rElec  .         Dismiss  .     (no cloak)
rCorr  .         Reflect  +     t - +0 pair of gloves
SustAt .         Harm     .     k - +0 pair of boots
MR     .....                    x - +3 amulet of reflection
Stlth  +.........               B - ring of protection from cold
                                m - ring of flight

@: mighty, lethally poisoned (-3 -> -10), not resistant to hostile enchantments,
very unstealthy
A: retaliatory headbutt, horns 2, inexperienced 1
a: Renounce Religion, Evoke Flight


You were on level 7 of the Dungeon.
You worshipped Ru.
Ru was aware of your devotion.
You were very hungry.

You visited 2 branches of the dungeon, and saw 8 of its levels.

You collected 312 gold pieces.

Inventory:

Hand Weapons
 a - a +0 short sword
 j - a +0 dagger
 n - a +0 club
 y - a +0 scimitar (weapon)
Missiles
 o - a throwing net (quivered)
Armour
 b - a +0 hat (worn)
 e - a +0 leather armour of cold resistance
 k - a +0 pair of boots (worn)
 q - a +0 robe
 t - a +0 pair of gloves (worn)
 z - a cursed +0 leather armour (worn)
 E - a +0 ring mail
Jewellery
 m - a ring of flight (left hand)
 x - a +3 amulet of reflection (around neck)
 B - a ring of protection from cold (right hand)
Scrolls
 g - a scroll of immolation
 h - a scroll of magic mapping
 w - a scroll of recharging
 G - 3 scrolls of identify
 H - a scroll of enchant weapon {unknown}
Potions
 f - a potion of magic
 i - 2 potions of degeneration
 l - a potion of flight
 p - a potion of agility {unknown}
 r - a potion of cure mutation
 s - a potion of heal wounds
 A - a potion of might
 D - a potion of haste
 F - a potion of ambrosia
 I - a potion of berserk rage {unknown}
Books
 c - a book of Minor Magic

   Spells                             Type                      Level
   a - Magic Dart                     Conjuration                  1
   b - Blink                          Translocation                2
   c - Call Imp                       Summoning                    2
   d - Repel Missiles                 Charms/Air                   2
   e - Slow                           Hexes                        2
   f - Conjure Flame                  Conjuration/Fire             3
   g - Mephitic Cloud                 Conjuration/Poison/Air       3
Comestibles
 d - 3 bread rations {@e1}
 u - 2 meat rations {@e2}
 v - 4 fruits


   Skills:
 - Level 6.7 Fighting
 + Level 8.5 Long Blades
 * Level 0.0 Armour
 - Level 6.0 Dodging
 - Level 1.5 Stealth
 - Level 2.2 Spellcasting
 - Level 0.6 Conjurations
 - Level 0.6 Summonings
 - Level 0.6 Translocations


You couldn't memorise any spells.
You knew the following spells:

 Your Spells              Type           Power        Failure   Level  Hunger
a - Magic Dart            Conj           #...         21%         1    #......
c - Conjure Flame         Conj/Fire      #.......     80%         3    ###....
d - Mephitic Cloud        Conj/Pois/Air  #.......     80%         3    ###....
e - Call Imp              Summ           #.......     34%         2    ###....
p - Blink                 Tloc           N/A          34%         2    ###....


Dungeon Overview and Level Annotations

Branches:
Dungeon (7/15)             Temple (1/1) D:5

Altars:
Ashenzari
Cheibriados
Dithmenos
Elyvilon
Fedhas
Gozag
Kikubaaqudgha
Makhleb
Nemelex Xobeh
Okawaru
Pakellas
Qazlal
Ru
Sif Muna
Trog
Vehumet
Xom
Yredelemnul
Zin
The Shining One

Annotations:
D:1 exclusions: 7 doors and 1 more exclusion
D:5 Blork the orc, Menkaure, Sigmund


Innate Abilities, Weirdness & Mutations

You reflexively headbutt those who attack you in melee.
You have a pair of horns on your head.
You are somewhat inexperienced (-2 XL).


Message History

You regained 6 hp, and now have 22/64 hp.
A killer bee is nearby!
The killer bee buzzes angrily.
You hit the killer bee.
You hear an angry buzzing noise. x2; You hear a shout!
The killer bee stings you.
* * * LOW HITPOINT WARNING * * *
You are poisoned.
The killer bee poisons you! The killer bee barely misses you.
You take 4 damage, and have 18/64 hp.
You miss the killer bee.
You feel sick. The killer bee barely misses you.
The killer bee closely misses you.
Drink which item? (? for menu, Esc to quit)
You feel very mighty all of a sudden. You block the killer bee's attack.
The killer bee stings you!
* * * LOW HITPOINT WARNING * * *
You are more poisoned.
The killer bee poisons you!
The centaur wields a shortbow.
The centaur shoots an arrow.
The arrow hits you!
You die...

##..........
...................
.........##.......#
#..._...####..#####
........##..##
c........... #
#.... ##..#. ... .
##..# ##..( .....
....##.@# # y.
..... ...(...y# ..y
..... .........#
#.y .....
#######..). .....
####... ####


You could see a centaur and a killer bee.

Vanquished Creatures
  An ogre (Temple)
  A centaur (D:5)
  A giant frog (D:6)
  A scorpion (D:4)
  A killer bee (D:7)
  2 howler monkeys (D:6)
  2 hounds
  4 gnoll shamans (D:6)
  2 giant frog skeletons (D:5)
  2 orc wizards
  4 worker ants
  A hound skeleton (D:4)
  25 gnolls
  10 adders
  A shadow imp (D:4)
  An ooze (D:1)
  5 worms
  2 dart slugs
  6 giant geckos
  6 orcs
  5 bats
  6 giant cockroaches
  9 goblins
  6 hobgoblins
  25 jackals
  8 kobolds
  6 quokkas
  2 ball pythons
  A ball python skeleton (D:4)
  2 giant gecko skeletons (D:4)
  8 giant newts
  A jackal zombie (D:5)
  A quokka skeleton (D:5)
  7 rats
165 creatures vanquished.

Vanquished Creatures (collateral kills)
  An ogre (Temple)
  3 scorpions (D:5)
  A crimson imp (D:5)
  A hound (D:3)
  2 gnolls (D:6)
  6 adders
  3 worms
  A kobold (D:2)
18 creatures vanquished.

Grand Total: 183 creatures vanquished

Notes
Turn   | Place    | Note
--------------------------------------------------------------
     0 | D:1      | vale the Minotaur Wizard began the quest for the Orb.
     0 | D:1      | Reached XP level 1. HP: 14/14 MP: 2/2
   219 | D:1      | Reached skill level 1 in Fighting
   791 | D:1      | Reached XP level 2. HP: 24/24 MP: 0/4
   935 | D:1      | Learned a level 2 spell: Blink
   938 | D:1      | Learned a level 2 spell: Call Imp
  1739 | D:1      | Reached XP level 3. HP: 31/31 MP: 0/5
  3299 | D:2      | Reached XP level 4. HP: 41/41 MP: 2/6
  4121 | D:3      | Reached skill level 5 in Fighting
  4992 | D:4      | Reached XP level 5. HP: 44/48 MP: 2/7
  5497 | D:4      | Learned a level 3 spell: Conjure Flame
  6279 | D:5      | Entered Level 5 of the Dungeon
  6574 | D:5      | Reached XP level 6. HP: 26/58 MP: 0/8
  6861 | D:5      | Noticed Menkaure
  7073 | D:5      | Reached skill level 1 in Long Blades
  7079 | D:5      | Noticed Blork the orc
  7328 | D:5      | Found a staircase to the Ecumenical Temple.
  7456 | D:4      | Reached skill level 2 in Long Blades
  7690 | Temple   | Entered the Ecumenical Temple
  7795 | Temple   | Became a worshipper of Ru the Awakened
  7843 | D:5      | Found an iron altar of Okawaru.
  7846 | D:5      | heh
  7984 | D:4      | Reached skill level 3 in Long Blades
  8130 | D:5      | Reached skill level 4 in Long Blades
  8130 | D:5      | Reached XP level 7. HP: 21/64 MP: 9/9
  8662 | D:5      | Reached skill level 5 in Long Blades
  9358 | Temple   | Reached skill level 6 in Long Blades
  9537 | D:5      | Noticed Sigmund
  9792 | D:6      | Reached skill level 7 in Long Blades
 10374 | D:5      | Reached XP level 8. HP: 59/71 MP: 10/10
 10443 | D:5      | Learned a level 3 spell: Mephitic Cloud
 10541 | D:6      | Gained mutation: You are somewhat inexperienced (-2 XL). [Ru sacrifice]
 10541 | D:6      | Reached XP level 7. HP: 64/64 MP: 9/9
 10541 | D:6      | Reached XP level 6. HP: 58/58 MP: 8/8
 10541 | D:6      | Reached * piety under Ru
 11020 | D:6      | Reached skill level 8 in Long Blades
 11103 | D:6      | Reached skill level 5 in Dodging
 11119 | D:6      | Reached XP level 7. HP: 61/64 MP: 9/9
 12315 | D:7      | Found a shadowy altar of Dithmenos.
 12418 | D:7      | Shot with an arrow by a centaur

Skill      XL: |  1  2  3  4  5  6  7 |
---------------+----------------------+-----
Fighting       | 2 3 4 5 6 |  6.7
Dodging        | 3 5 6 |  6.0
Long Blades    | 8 7 |  8.5
Stealth        | |  1.5
Spellcasting   | |  2.2
Conjurations   | |  0.6
Summonings     | |  0.6
Translocations | |  0.6

Action                   |  1- 3 |  4- 6 |  7- 9 || total
-------------------------+-------+-------+-------++-------
Melee: Unarmed           |    14 |       |       ||    14
       Dagger            |    94 |       |       ||    94
       Headbutt          |    13 |    47 |    17 ||    77
       Short sword       |       |   116 |       ||   116
       Scimitar          |       |   141 |   188 ||   329
 Cast: Magic Dart        |    86 |    95 |    33 ||   214
       Call Imp          |     8 |    36 |    16 ||    60
       Blink             |       |       |     1 ||     1
Invok: Sacrifice Experie |       |     1 |       ||     1
  Use: Scroll            |       |    13 |     4 ||    17
       Potion            |       |       |     1 ||     1
  Eat: Chunk             |     9 |    15 |    11 ||    35
       Fruit             |       |     1 |       ||     1
       Meat ration       |       |     2 |       ||     2
Armor: Robe              |    14 |    42 |     6 ||    62
       Leather armour    |       |    18 |    39 ||    57
Dodge: Dodged            |    71 |   182 |   114 ||   367
Block: Other             |       |    22 |    35 ||    57
